 Dungeon Crawl Stone Soup version 0.27-a0-333-gfa571bf19a (webtiles) character file.

Game seed: 10348125050495892524

3324 ReteAZ the Carver (level 10, -1/115 HPs)
             Began as a Human Fighter on Feb 12, 2021.
             Was a Believer of Okawaru.
             Slain by Erica
             ... wielding a +3 scimitar of flaming
              (6 damage)
             ... on level 8 of the Dungeon.
             The game lasted 00:11:50 (12319 turns).

ReteAZ the Carver (Human Fighter)                  Turns: 12319, Time: 00:11:51

Health: -1/115     AC: 16    Str: 19    XL:     10   Next: 21%
Magic:  12/12      EV:  4    Int: 10    God:    Okawaru [**....]
Gold:   121        SH: 10    Dex: 12    Spells: 9/9 levels left

rFire    . . .     SeeInvis .   o - +7 scimitar of the Pyrrhic Victory {vorpal, +Blink}
rCold    . . .     Faith    .   c - +0 kite shield
rNeg     . . .     Spirit   .   t - +0 plate armour
rPois    .         Reflect  .   r - +0 helmet
rElec    .         Harm     .   (no cloak)
rCorr    .         Rampage  .   (no gloves)
Will     .....                  j - +1 pair of boots
Stlth    ..........             h - amulet of the acrobat
HPRegen  0.29/turn              (no ring)
MPRegen  0.13/turn              (no ring)

@: berserking (expiring), very quick
A: wild magic 1, MP-powered wands
a: Renounce Religion, Evoke Blink, Heroism


You were on level 8 of the Dungeon.
You worshipped Okawaru.
Okawaru was pleased with you.
You visited 2 branches of the dungeon, and saw 9 of its levels.

You collected 391 gold pieces.
You spent 270 gold pieces at shops.

Inventory:

Hand Weapons
 a - a +0 long sword
 o - the +7 scimitar of the Pyrrhic Victory (weapon) {vorpal, +Blink}
   (You bought it in a shop on level 6 of the Dungeon)

   It inflicts extra damage upon your enemies.
   It lets you blink.
 x - a +2 dagger of venom
Missiles
 q - 6 boomerangs (quivered)
Armour
 b - a +0 scale mail
 c - a +0 kite shield (worn)
 j - a +1 pair of boots (worn)
 k - a +0 chain mail
 r - a +0 helmet (worn)
 t - a +0 plate armour (worn)
 u - a +0 pair of boots
Jewellery
 h - an amulet of the acrobat (around neck)
 s - a ring of see invisible {unknown}
Wands
 p - a wand of iceblast (8)
 w - a wand of acid (10)
 y - a wand of flame (4)
 B - a wand of paralysis (11)
Scrolls
 e - 4 scrolls of enchant armour {unknown}
 f - 3 scrolls of immolation {unknown}
 g - a scroll of fog {unknown}
 i - a scroll of blinking {unknown}
 l - 3 scrolls of amnesia {unknown}
 m - a scroll of magic mapping {unknown}
 n - 15 scrolls of identify {unknown}
 v - 3 scrolls of teleportation {unknown}
Potions
 d - a potion of might
 z - a potion of invisibility {unknown}


   Skills:
 + Level 6.6 Fighting
 * Level 8.8 Long Blades
 + Level 6.6 Armour
 + Level 6.6 Shields
 + Level 3.5 Invocations


You had 9 spell levels left.
You didn't know any spells.
Your spell library was empty.

Dungeon Overview and Level Annotations

Branches:
Dungeon (8/15)             Temple (1/1) D:5
   Lair: D:8-11

Altars:
Cheibriados
Dithmenos
Elyvilon
Fedhas
Gozag
Hepliaklqana
Kikubaaqudgha
Makhleb
Nemelex Xobeh
Okawaru
Qazlal
Ru
Sif Muna
Trog
Uskayaw
Vehumet
Yredelemnul
Zin
The Shining One

Shops:
D:6 *(*

Annotations:
D:6 2 transporters
D:7 3 runed translucent doors, Beaer's ghost, novice VSBr
D:8 Erica


Innate Abilities, Weirdness & Mutations

Your spells are a little harder to cast, but a little more powerful.
You expend magic power (3 MP) to strengthen your wands.


Message History

You bump into the rock wall.
The bullfrog hits you but does no damage.
The worker ant bites you.
You hear some strange, mumbled words.
A lance of force appears from out of thin air!
The lance of force hits you!!
* * * LOW HITPOINT WARNING * * *
You are knocked back by the lance of force.
You slam into the rock wall!
* * * LOW HITPOINT WARNING * * *
The bullfrog hits you.
* * * LOW HITPOINT WARNING * * *
You slash the bullfrog!
The bullfrog is almost dead.
The worker ant bites you.
* * * LOW HITPOINT WARNING * * *
Something hits you but does no damage. The bullfrog hits you.
* * * LOW HITPOINT WARNING * * *
The worker ant barely misses you.
Unknown command.
It was a potion of berserk rage.
A red film seems to cover your vision as you go berserk!
You feel yourself moving faster!
You feel mighty!
The bullfrog hits you but does no damage.
Something hits you but does no damage.
The worker ant bites you but does no damage.
The bullfrog hits you but does no damage.
You are too berserk!
You feel a strong urge to attack something.
The worker ant misses you.
You bump into the rock wall.
The bullfrog barely misses you.
You slash the bullfrog!
You kill the bullfrog!
Okawaru accepts your kill.
You feel less confused.
You slash the worker ant!
You kill the worker ant!
Okawaru accepts your kill. Something hits you.
You die...

......... ...
........#....
#.....#.#....
#.#...#...... ##..
......... ...
##...##........ ##...
###....#.).### ..#.....
#<......(.)..###.........#
........)@........ #......
........##)..##.## ##...##
#...##>..#....#.####......
##. ###.........>....#...
. ##..).......#.......
#..........##....##.
##........##........
....#.###...#.........
....... ###..........#


There were no monsters in sight!

Vanquished Creatures
  4 ice beasts
  An orc warrior (D:6)
  2 sky beasts
  3 ogres
  A phantom (D:5)
  9 bullfrogs
  A wyvern zombie (D:7)
  3 scorpions
  5 killer bees (D:8)
  5 wights (D:6)
  2 jellies
  3 hounds
  An orc priest (D:4)
  A bullfrog skeleton (D:6)
  A centaur skeleton (D:8)
  Ijyb (D:4)
  4 iguanas
  Natasha (thrice) (D:4)
  10 orc wizards
  7 worker ants
  A killer bee zombie (D:5)
  A hound zombie (D:6)
  3 gnolls (D:6)
  9 adders
  2 white imps
  2 ufetubi (D:6)
  An ooze (D:4)
  2 adder skeletons (D:4)
  An adder zombie (D:5)
  4 worms
  4 dart slugs
  10 leopard geckos
  25 orcs
  3 ball pythons
  4 giant cockroaches
  8 goblins
  10 hobgoblins
  6 jackals
  A quokka (D:4)
  6 bats
  2 frilled lizards
  7 kobolds
  A quokka skeleton (D:6)
  A quokka zombie (D:7)
  11 rats
192 creatures vanquished.

Vanquished Creatures (others)
  3 plants (D:6)
3 creatures vanquished.

Grand Total: 195 creatures vanquished

Notes
Turn   | Place    | Note
-------+----------+-------------------------------------------
     0 | D:1      | ReteAZ the Human Fighter began the quest for the Orb.
     0 | D:1      | Reached XP level 1. HP: 18/18 MP: 1/1
   204 | D:1      | Reached XP level 2. HP: 23/24 MP: 2/2
   265 | D:1      | Found a sparkling altar of Nemelex Xobeh.
   668 | D:2      | Reached XP level 3. HP: 24/29 MP: 3/3
   733 | D:2      | Found a shadowy altar of Dithmenos.
  1320 | D:2      | Reached XP level 4. HP: 35/35 MP: 4/4
  1469 | D:1      | Reached skill level 3 in Long Blades
  2629 | D:3      | Reached XP level 5. HP: 41/41 MP: 5/5
  3754 | D:4      | Noticed Natasha
  4156 | D:4      | Reached XP level 6. HP: 44/48 MP: 6/6
  4241 | D:4      | Reached skill level 4 in Long Blades
  5079 | D:4      | Noticed Ijyb
  5093 | D:4      | Killed Ijyb
  5094 | D:4      | Reached XP level 7. HP: 36/54 MP: 7/7
  5481 | D:4      | HP: 2/55 [Natasha/magic dart (2)]
  5483 | D:4      | Gained mutation: Your spells are a little harder to cast,
                  | but a little more powerful. [potion of mutation]
  5483 | D:4      | Gained mutation: You expend magic power (3 MP) to
                  | strengthen your wands. [potion of mutation]
  5494 | D:4      | Killed Natasha
  5501 | D:4      | Reached skill level 5 in Long Blades
  6231 | D:4      | Noticed Natasha
  6239 | D:4      | Killed Natasha
  6960 | D:4      | Noticed Natasha
  6969 | D:4      | Killed Natasha
  7213 | D:5      | Entered Level 5 of the Dungeon
  7371 | D:5      | Found a staircase to the Ecumenical Temple.
  7423 | D:5      | Reached XP level 8. HP: 32/61 MP: 8/8
  8224 | D:5      | Reached skill level 5 in Fighting
  8224 | D:5      | Reached skill level 6 in Long Blades
  8229 | D:5      | Reached skill level 5 in Shields
  8697 | Temple   | Entered the Ecumenical Temple
  8793 | Temple   | Became a worshipper of Warmaster Okawaru
  9226 | D:6      | Reached skill level 5 in Armour
  9396 | D:6      | Found Yblelog's Assorted Antiques.
  9648 | D:6      | Reached XP level 9. HP: 68/68 MP: 9/9
  9660 | D:6      | Reached skill level 7 in Long Blades
  9744 | D:6      | Found a transporter.
  9744 | D:6      | Found a burning altar of Makhleb.
  9745 | D:6      | Noticed a tengu conjurer
  9783 | D:6      | Reached * piety under Okawaru
  9965 | D:6      | Found a transporter.
  9985 | D:6      | Reached skill level 1 in Invocations
  9998 | D:6      | Found a radiant altar of Vehumet.
 10059 | D:6      | Found Ozirucec's Assorted Antiques.
 10553 | D:6      | Found Muf Anto's Antique Weapon Boutique.
 10559 | D:6      | Bought a dazzling scimitar for 270 gold pieces
 10559 | D:6      | Identified the +7 scimitar of the Pyrrhic Victory {vorpal,
                  | +Blink} (You bought it in a shop on level 6 of the Dungeon)
 10799 | D:7      | Reached ** piety under Okawaru
 10812 | D:7      | Reached skill level 8 in Long Blades
 10829 | D:7      | Found a runed translucent gate.
 10830 | D:7      | Found a runed translucent gate.
 10831 | D:7      | Found a runed translucent gate.
 10832 | D:7      | Noticed Beaer's ghost (novice VSBr)
 10843 | D:7      | Found an iron altar of Okawaru.
 11335 | D:7      | Found a hide-covered altar of Uskayaw.
 11877 | D:8      | Reached XP level 10. HP: 77/77 MP: 12/12
 12289 | D:8      | Noticed Erica
 12314 | D:8      | HP: 3/77 [bullfrog (4)]
 12319 | D:8      | Slain by Erica

Illustrated notes

Levels and vault maps discovered:
D:1:      dpeg_arrival_three_bigger_balls, layout_rooms,
          nemelex_diamond_rough_becter
D:2:      minmay_chambers_of_twos, layout_loops_ring, minmay_strange_pillars,
          nicolae_dithmenos_shadow_blocks
D:3:      layout_loops_corners
D:4:      layout_basic, minmay_fractal_squares_gapless_5, uniq_natasha,
          uniq_ijyb
D:5:      layout_gridville, minmay_temple_entry_grid
D:6:      layout_basic, gammafunk_temple_overflow_arena, old_standard_altar,
          serial_shops, shop, nicolae_shop_overgrown_old_shop,
          nicolae_shop_temple_entry_statues_fountains, serial_corexii_hall,
          corexii_hall_statues_x, chequers_hall_statues_y
D:7:      layout_layer_cave, lemuel_crystal_altar, gammafunk_ghost_split,
          hangedman_abyss_or_decor_stabs, okawaru_metal_pillars_1_2
D:8:      layout_cave_pools, nzn_wu_jian_council_hall, st_stairs_5,
          dk_noncrumbling_3, uniq_erica
Temple:   minmay_temple_bridge_d

Skill      XL: |  1  2  3  4  5  6  7  8  9 10 |
---------------+-------------------------------+-----
Long Blades    | 3 4 5 6 8 |  8.8
Fighting       | 4 5 6 |  6.6
Armour         | 4 5 6 |  6.6
Shields        | 4 5 6 |  6.6
Invocations    | 2 3 |  3.5

Action                   |  1- 3 |  4- 6 |  7- 9 | 10-12 || total
-------------------------+-------+-------+-------+-------++-------
Melee: Long sword        |   112 |   312 |   210 |       ||   634
       Dagger            |       |    10 |   128 |       ||   138
       Scimitar          |       |       |    48 |    45 ||    93
Evoke: Wand              |       |       |     3 |       ||     3
  Use: Potion            |     1 |     1 |     6 |     1 ||     9
Armor: Scale mail        |    16 |       |       |       ||    16
       Chain mail        |    58 |    62 |       |       ||   120
       Plate armour      |       |   231 |   257 |    68 ||   556
Dodge: Dodged            |    40 |    79 |    91 |    25 ||   235
Block: Kite shield       |    71 |   187 |   184 |    38 ||   480
       Rpst.: Long sword |    10 |    26 |    28 |       ||    64
       Scimitar          |       |       |     5 |     9 ||    14

Table legend: (Time is in decaauts)
 A = Elapsed time spent in this place.
 B = Non-inter-level travel time spent in this place.
 C = Inter-level travel time spent in this place.
 D = Time resting spent in this place.
 E = Time spent auto-exploring this place.
 F = Levels seen in this place.
 G = Mean time per level.
                   A        B        C        D        E       F      G
               +--------+--------+--------+--------+--------+-----+--------+
         Total |  12602 |  12065 |    537 |   2281 |   7536 |   9 | 1400.2 |
       Dungeon |  12432 |  11996 |    436 |   2281 |   7472 |   8 | 1554.0 |
        Temple |    169 |     68 |    101 |      0 |     64 |   1 |  169.0 |
               +--------+--------+--------+--------+--------+-----+--------+

Top non-repeatable levels by time:
     D:4: 3111 daAuts
     D:3: 1948 daAuts
     D:2: 1761 daAuts
     D:5: 1611 daAuts
     D:6: 1478 daAuts
     D:7: 1205 daAuts
     D:1: 840 daAuts
     D:8: 475 daAuts
  Temple: 169 daAuts
